 Dungeon Crawl Stone Soup version 0.29.1-15-g9cfb28693d (webtiles) character file.

Game seed: 14448261491253749704

599 Heoruswealwe the Magician (level 7, 0/36 HPs)
             Began as a Deep Elf Earth Elementalist on Mar 23, 2023.
             Slain by Merkmiralles's ghost (17 damage)
             ... on level 4 of the Dungeon.
             The game lasted 00:34:21 (3063 turns).

Heoruswealwe the Magician (DEEE)                    Turns: 3063, Time: 00:34:22

Health: 0/36       AC:  3    Str:  5    XL:     7   Next: 17%
Magic:  17/20      EV: 12    Int: 22    God:
Gold:   291        SH:  0    Dex: 15    Spells: 11/21 levels left

rFire   . . .      SeeInvis +   n - +0 rapier
rCold   . . .      Faith    .   (no shield)
rNeg    . . .      Spirit   .   a - +0 robe
rPois   .          Reflect  .   (no helmet)
rElec   .          Harm     .   g - +0 cloak
rCorr   .          Rampage  .   (no gloves)
Will    .....                   (no boots)
Stlth   ++........              t - amulet of regeneration
HPRegen 0.92/turn               r - ring of see invisible
MPRegen 0.17/turn               (no ring)

@: no status effects
A: no striking features
a: no special abilities


You were on level 4 of the Dungeon.
You visited 1 branch of the dungeon, and saw 4 of its levels.

You collected 291 gold pieces.

Inventory:

Hand Weapons
 n - a +0 rapier (weapon)
 o - a +0 hand axe
Armour
 a - a +0 robe (worn)
 g - a +0 cloak (worn)
 s - a +0 robe
 u - a +0 robe
Jewellery
 r - a ring of see invisible (left hand)
 t - an amulet of regeneration (around neck)
Scrolls
 c - a scroll of brand weapon {unknown}
 e - 3 scrolls of immolation {unknown}
 h - 3 scrolls of identify {unknown}
 k - a scroll of amnesia {unknown}
 m - a scroll of teleportation {unknown}
 p - a scroll of vulnerability {unknown}
 q - a scroll of enchant weapon {unknown}
Potions
 b - a potion of magic
 d - a potion of heal wounds {unknown}
 f - a potion of brilliance {unknown}
 i - 2 potions of might {unknown}
 j - a potion of ambrosia {unknown}
 l - a potion of degeneration {unknown}


   Skills:
 - Level 2.4 Dodging
 - Level 2.4 Stealth
 * Level 7.8 Spellcasting
 + Level 4.2 Transmutations
 + Level 5.3 Earth Magic


You had 11 spell levels left.
You knew the following spells:

 Your Spells              Type           Power      Damage    Failure   Level
a - Sandblast             Erth           64%        2d14      1%          1
b - Passwall              Tmut/Erth      24%        N/A       1%          2
c - Stone Arrow           Conj/Erth      40%        3d9       8%          3
d - Petrify               Tmut/Erth      29%        N/A       11%         4

Your spell library contained the following spells:

 Spells                   Type           Power      Damage    Failure   Level
 Beastly Appendage        Tmut           54%        N/A       1%          1
 Wereblood                Tmut           27%        N/A       1%          2
 Sting                    Tmut/Pois      68%        1d6       3%          1
 Necrotise                Necr           32%        1d5       8%          1
 Spider Form              Tmut/Pois      17%        N/A       10%         3
 Poisonous Vapours        Pois/Air       16%        N/A       12%         2
 Vampiric Draining        Necr           8%         2d6       22%         3
 Anguish                  Hex/Necr       4%         N/A       58%         4
 Animate Dead             Necr           8%         N/A       58%         4
 Olgreb's Toxic Radiance  Pois           8%         N/A       58%         4


Dungeon Overview and Level Annotations

Branches:
Dungeon (4/15)
 Temple: D:4-7

Altars:
Fedhas
Kikubaaqudgha
Ru
Trog

Annotations:
D:4 Merkmiralles's ghost, amateur HOBe


Message History

You now have 291 gold pieces (gained 4).
A ball python comes into view.
The blast of sand hits the ball python.
You kill the ball python!
Casting: Sandblast (safe; 1% risk of failure)
Confirm with . or Enter, or press ? or * to list all spells.
Aiming: Passwall (safe; 1% risk of failure)
Press: ? - help, Dir - move target A rock wall.
You begin to meditate on the wall.
You continue meditating on the rock. x2
You finish merging with the rock.
The kobold shouts! x2; You hear a shout! x2
Merkmiralles's ghost whispers, "Everlasting silence awaits you..."
The kobold shouts! x2
The kobold shouts!
You open the gate.
Merkmiralles's ghost says, "I'll split you in two!"
Merkmiralles's ghost attacks as you move away!
Merkmiralles's ghost hits you.
Merkmiralles's ghost attacks as you move away!
Merkmiralles's ghost hits you.
Merkmiralles's ghost attacks as you move away!
Merkmiralles's ghost barely misses you.
The blast of sand hits Merkmiralles's ghost.
Merkmiralles's ghost is lightly damaged.
Merkmiralles's ghost hits you!
The blast of sand hits Merkmiralles's ghost but does no damage.
Merkmiralles's ghost is lightly damaged.
Merkmiralles's ghost hits you but does no damage.
Merkmiralles's ghost hits you!
Casting: Sandblast (safe; 1% risk of failure)
Confirm with . or Enter, or press ? or * to list all spells.
Aiming: Sandblast (safe; 1% risk of failure)
Press: ? - help, Shift-Dir - straight line, f/p - Merkmiralles's ghost
Aim: Merkmiralles's ghost (lightly damaged, 92% to hit)
The blast of sand hits Merkmiralles's ghost but does no damage.
Merkmiralles's ghost is lightly damaged.
Merkmiralles's ghost screams in joy, "As in life, so in death: Kill!
Kill!!
Kill!!!"
Merkmiralles's ghost hits you!
You die...

############# #.... #...........#
#.### #.#########.# #.# #.# #.#
#.# #.# ##.########.### ###.#####
#.............. #..>....#
#..##.#####.###
#.#.###.####K.##..####.... #.#.#
#..@WKKK.KK.........
#.#.########K.##'''##..###
########.#.##....##.##.K...####
...........##....##.#..#.#..#
.#########.......##.#8.#.#.8#####
.# ###.....##.#..#.#K.#.... ##
#.....##.##.....##.... #
#####.##..##...##..... #
#..#...#####......


You could see a kobold brigand, Merkmiralles's ghost and 7 kobolds.

Vanquished Creatures
  Grinder (D:4)
  A sky beast (D:4)
  A scorpion (D:4)
  A hound (D:4)
  An iguana (D:4)
  A gnoll (D:2)
  7 adders
  5 worms
  9 orcs
  10 bats
  10 endoplasms
  3 giant cockroaches (D:1)
  11 goblins
  9 hobgoblins
  6 kobolds
  5 quokkas
  10 ball pythons
  4 frilled lizards
  5 rats
100 creatures vanquished.

Vanquished Creatures (others)
  4 plants (D:4)
4 creatures vanquished.

Grand Total: 104 creatures vanquished

Notes
Turn   | Place    | Note
-------+----------+-------------------------------------------
     0 | D:1      | Heoruswealwe the Deep Elf Earth Elementalist began the
                  | quest for the Orb.
     0 | D:1      | Reached XP level 1. HP: 10/10 MP: 6/6
   168 | D:1      | Reached XP level 2. HP: 15/15 MP: 4/8
   171 | D:1      | Learned a level 2 spell: Passwall
   376 | D:1      | Reached skill level 4 in Spellcasting
   488 | D:1      | Reached XP level 3. HP: 19/19 MP: 7/10
   492 | D:1      | Learned a level 3 spell: Stone Arrow
  1036 | D:2      | Reached XP level 4. HP: 24/24 MP: 9/12
  1044 | D:2      | Learned a level 4 spell: Petrify
  1048 | D:2      | Found a faded altar of an unknown god.
  1076 | D:2      | Prayed at the altar of an unknown god.
  1076 | D:2      | Became a worshipper of Kikubaaqudgha
  1076 | D:2      | Reached * piety under Kikubaaqudgha
  1076 | D:2      | Received a gift from Kikubaaqudgha
  1077 | D:2      | Fell from the grace of Kikubaaqudgha
  1104 | D:2      | Reached skill level 5 in Spellcasting
  1856 | D:3      | Reached XP level 5. HP: 8/28 MP: 12/14
  1887 | D:3      | Found a sacrificial altar of Ru.
  2115 | D:3      | Found a blossoming altar of Fedhas.
  2312 | D:4      | Noticed Grinder
  2320 | D:4      | Killed Grinder
  2321 | D:4      | Reached skill level 6 in Spellcasting
  2321 | D:4      | Reached XP level 6. HP: 18/32 MP: 10/17
  2325 | D:4      | Reached skill level 7 in Spellcasting
  2325 | D:4      | Reached skill level 5 in Earth Magic
  2330 | D:4      | HP: 1/32 [poisoned by a scorpion]
  2344 | D:4      | Found a runed translucent gate.
  2345 | D:4      | Found a runed translucent gate.
  2346 | D:4      | Found a runed translucent gate.
  2387 | D:4      | Found a bloodstained altar of Trog.
  2709 | D:4      | Noticed a sky beast
  2714 | D:4      | Killed a sky beast
  2715 | D:4      | Reached XP level 7. HP: 28/36 MP: 16/20
  2772 | D:4      | Noticed Merkmiralles's ghost (amateur HOBe)
  3063 | D:4      | Slain by Merkmiralles's ghost

Illustrated notes

Levels and vault maps discovered:
D:1:      giann_wishing_wells, layout_basic, minmay_surrounded
D:2:      layout_basic, ebering_ecumenical_altar_webs, minmay_small_reverse_x
D:3:      layout_loops_ring, mainiacjoe_overflow_alcove_1,
          mainiacjoe_overflow_six_doors_small
D:4:      layout_basic, amcnicky_altar_gilded, gammafunk_ghost_nasty_kobolds,
          roderic_lattice_a, uniq_grinder

Skill      XL: |  1  2  3  4  5  6 |
---------------+-------------------+-----
Spellcasting   | 4 5 6 7 |  7.8
Transmutations | 2 3 4 |  4.2
Earth Magic    | 4 5 |  5.3
Dodging        | |  2.4
Stealth        | |  2.4

Action                   |  1- 3 |  4- 6 |  7- 9 || total
-------------------------+-------+-------+-------++-------
 Cast: Sandblast         |    61 |    81 |    10 ||   152
       Passwall          |     4 |     1 |     2 ||     7
Invok: Renounce Religion |       |     1 |       ||     1
Armor: Robe              |     1 |     4 |     1 ||     6
Dodge: Dodged            |    20 |    11 |     3 ||    34
